 Dungeon Crawl Stone Soup version 0.27-a0-1324-ge0d8e047f6 (webtiles) character file.

Game seed: 13323848021555494231

81 Delamore the Skirmisher (level 4, 0/37 HPs)
             Began as a Formicid Fighter on June 23, 2021.
             Succumbed to a gnoll's poison
             ... on level 2 of the Dungeon.
             The game lasted 00:01:46 (1586 turns).

Delamore the Skirmisher (Formicid Fighter)          Turns: 1586, Time: 00:01:46

Health: 0/37       AC:  8    Str: 19 (21) XL:     4   Next: 67%
Magic:  4/4        EV:  9    Int:  7 (8)  God:
Gold:   63         SH: 10    Dex:  9 (10) Spells: 3/3 levels left

rFire    . . .     SeeInvis +   a - +0 trident
rCold    . . .     Faith    .   c - +1 kite shield
rNeg     . . .     Spirit   .   g - +0 troll leather armour
rPois    .         Reflect  .   (helmet unavailable)
rElec    .         Harm     .   (no cloak)
rCorr    .         Rampage  .   (no gloves)
Will     .....                  (no boots)
Stlth    +.........             (no amulet)
HPRegen  1.12/turn              e - +4 ring of protection
MPRegen  0.09/turn              (no ring)

@: lethally poisoned (0 -> -3)
A: permanent stasis, dig shafts and tunnels, antennae 3, four strong arms
a: Dig, Shaft Self


You were on level 2 of the Dungeon.
You visited 1 branch of the dungeon, and saw 2 of its levels.

You collected 63 gold pieces.

Inventory:

Hand Weapons
 a - a +0 trident (weapon)
Armour
 b - a +0 scale mail
 c - a +1 kite shield (worn)
 g - a +0 troll leather armour (worn)
Jewellery
 e - a +4 ring of protection (left hand)
Potions
 d - 2 potions of might
 h - a potion of haste {unknown}
 i - a potion of curing {unknown}


   Skills:
 + Level 4.1 Fighting
 * Level 3.9 Polearms
 - Level 3.2 Armour
 - Level 3.6 Shields


You had 3 spell levels left.
You didn't know any spells.
Your spell library contained the following spells:

 Spells                   Type           Power      Damage    Failure   Level
 Confusing Touch          Hex            0%         N/A       99%         3
 Gell's Gravitas          Tloc           0%         N/A       99%         3
 Petrify                  Tmut/Erth      0%         N/A       100%        4
 Metabolic Englaciation   Hex/Ice        0%         N/A       100%        5
 Yara's Violent Unravell  Hex/Tmut       0%         3d3       100%        5


Dungeon Overview and Level Annotations

Branches:
Dungeon (2/15)

Altars:

Shops:
D:1 [


Innate Abilities, Weirdness & Mutations

You cannot be hasted, slowed, berserked, paralysed or teleported.
You can dig through walls and to a lower floor.
You have a pair of large antennae on your head. (SInv)
Your four strong arms can wield two-handed weapons with a shield.


Message History

You are poisoned.
You puncture the gnoll!
The gnoll is severely wounded.
You feel very sick. You block the gnoll's attack.
The gnoll hits you with a +1 flail of venom!
You are more poisoned.
You hit the gnoll but do no damage.
The gnoll is severely wounded.
You feel very sick. The gnoll barely misses you.
The gnoll hits you with a +1 flail of venom.
You are more poisoned.
You are too injured to fight recklessly!
You are too injured to fight recklessly!
You are too injured to fight recklessly!
You are too injured to fight recklessly!
You are too injured to fight recklessly!
You are too injured to fight recklessly!
You are too injured to fight recklessly!
You are too injured to fight recklessly!
You are too injured to fight recklessly!
You are too injured to fight recklessly!
You are too injured to fight recklessly!
You are too injured to fight recklessly!
You are too injured to fight recklessly!
You feel very sick.
* * * LOW HITPOINT WARNING * * *
You feel very sick.
* * * LOW HITPOINT WARNING * * *
You feel very sick.
The gnoll throws a stone.
The stone hits you but does no damage.
* * * LOW HITPOINT WARNING * * *
You feel very sick.
The gnoll throws a stone.
The stone hits you.
* * * LOW HITPOINT WARNING * * *
It was a potion of degeneration.
There was something very wrong with that liquid.
You feel weakened.
You feel dopey.
You feel clumsy.
You die...

##..###.............#....##
##.....................###
.......................#
...†................#..#
###†........)......##..##
###................##...##
...................##.#..#
.........................##
##.#....##.#...#@#........#
...###.........g.#.##..##.#
### ###........#......##.##
# #......g.....##..##..# #
..#..........##......# #
..##..........###.....#
######.##..........#
####..#
...................# #..##
...................# #...#


You could see 2 gnolls.

Vanquished Creatures
  A gnoll (D:2)
  2 adders (D:2)
  A worm (D:2)
  A dart slug (D:2)
  2 endoplasms (D:2)
  A giant cockroach (D:1)
  3 goblins
  3 hobgoblins (D:2)
  9 jackals
  A quokka (D:1)
  5 ball pythons
  4 bats
  6 frilled lizards
  2 kobolds (D:1)
  7 rats
48 creatures vanquished.

Notes
Turn   | Place    | Note
-------+----------+-------------------------------------------
     0 | D:1      | Delamore the Formicid Fighter began the quest for the Orb.
     0 | D:1      | Reached XP level 1. HP: 18/18 MP: 1/1
   179 | D:1      | Reached XP level 2. HP: 24/24 MP: 2/2
   258 | D:1      | Found Unics's Antique Armour Boutique.
   741 | D:1      | Reached XP level 3. HP: 30/30 MP: 3/3
  1192 | D:2      | Reached XP level 4. HP: 27/37 MP: 4/4
  1242 | D:2      | Reached skill level 4 in Fighting
  1585 | D:2      | HP: 1/37 [gnoll/stone (3)]
  1586 | D:2      | Succumbed to a gnoll's poison

Illustrated notes

Levels and vault maps discovered:
D:1:      lemuel_arrival_room, layout_basic, serial_shops, shop,
          roderic_lattice_a, minmay_close_crescents
D:2:      layout_rooms

Skill      XL: |  1  2  3  4 |
---------------+-------------+-----
Polearms       | 3 |  3.9
Fighting       | 4 |  4.1
Armour         | |  3.2
Shields        | |  3.6

Action                   |  1- 3 |  4- 6 || total
-------------------------+-------+-------++-------
Melee: Trident           |   146 |    70 ||   216
  Use: Scroll            |     5 |       ||     5
       Potion            |       |     1 ||     1
Armor: Scale mail        |    89 |     5 ||    94
       Troll leather arm |       |    14 ||    14
Dodge: Dodged            |    53 |    20 ||    73
Block: Kite shield       |    96 |    38 ||   134

Table legend: (Time is in decaauts)
 A = Elapsed time spent in this place.
 B = Non-inter-level travel time spent in this place.
 C = Inter-level travel time spent in this place.
 D = Time resting spent in this place.
 E = Time spent auto-exploring this place.
 F = Levels seen in this place.
 G = Mean time per level.
                   A        B        C        D        E       F      G
               +--------+--------+--------+--------+--------+-----+--------+
         Total |   1655 |   1628 |     27 |    128 |   1069 |   2 |  827.5 |
       Dungeon |   1655 |   1628 |     27 |    128 |   1069 |   2 |  827.5 |
               +--------+--------+--------+--------+--------+-----+--------+

Top non-repeatable levels by time:
     D:1: 999 daAuts
     D:2: 656 daAuts
